 Dungeon Crawl Stone Soup version bcrawl-1.34.1 (webtiles) character file.

Game seed: 6518256393021121730

102189 HammerPanzer the Gusty (level 2, -6/20 HPs)
             Began as a Draconian Air Elementalist on Sept 8, 2021.
             Mangled by a worm (8 damage)
             ... on level 2 of the Dungeon.
             The game lasted 00:05:21 (1024 turns).

HammerPanzer the Gusty (Draconian Air Elementalist) Turns: 1024, Time: 00:05:22

Health: -6/20      AC:  5    Str: 10    XL:     2   Next: 89%
Magic:  2/5        EV: 12    Int: 15    God:
Gold:   89         SH:  0    Dex: 11    Spells: 4/5 levels left

rFire    . . .     SeeInvis .   a - +0 short sword
rCold    . . .     Gourm    .   (no shield)
rNeg     . . .     Faith    .   (armour unavailable)
rPois    .         Spirit   .   (helmet restricted)
rElec    .         Reflect  .   (no cloak)
rCorr    .         Harm     .   (no gloves)
MR       .....                  c - +0 pair of boots
Stlth    ++........             (no amulet)
HPRegen  0.06/turn              (no ring)
MPRegen  0.09/turn              (no ring)

@: no status effects
A: unfitting armour, cold-blooded, AC +4
a: no special abilities


You were on level 2 of the Dungeon.
You were not hungry.

You visited 1 branch of the dungeon, and saw 2 of its levels.

You collected 89 gold pieces.

Inventory:

Hand Weapons
 a - a +0 short sword (weapon)
Armour
 c - a +0 pair of boots (worn)
Scrolls
 f - a scroll of blinking
 i - a scroll of identify
Potions
 b - a potion of flight
Comestibles
 e - 2 rations {!d}


   Skills:
 + Level 0.4 Short Blades
 + Level 2.0 Dodging
 + Level 2.2 Stealth
 + Level 2.2 Spellcasting
 + Level 1.3 Conjurations
 * Level 3.4 Air Magic


You had 4 spell levels left.
You knew the following spells:

 Your Spells              Type           Power        Failure   Level  Hunger
a - Shock                 Conj/Air       #....        9%          1    None

Your spell library contained the following spells:

 Spells                   Type           Power        Failure   Level  Hunger
 Swiftness                Chrm/Air       #.......     16%         2    ##.....
 Static Discharge         Air            ##......     16%         3    ####...
 Airstrike                Air            ##........   47%         4    ######.
 Lightning Bolt           Conj/Air       #.........   92%         5    #######


Dungeon Overview and Level Annotations

Branches:
Dungeon (2/12)

Altars:
Nemelex Xobeh
Sif Muna
Uskayaw


Innate Abilities, Weirdness & Mutations

Your plain brown scales are hard. (AC +4)
You cannot fit into any form of body armour.
You are cold-blooded and may be slowed by cold attacks.


Message History

Casting: Shock (safe; 9% risk of failure)
Confirm with . or Enter, or press ? or * to list all spells.
Aiming: Shock (safe; 9% risk of failure)
Press: ? - help, Shift-Dir - straight line, f/p - worm
Aim: a worm (severely wounded)
The zap hits the worm.
The worm is almost dead.
Casting: Shock (safe; 9% risk of failure)
Confirm with . or Enter, or press ? or * to list all spells.
Aiming: Shock (safe; 9% risk of failure)
Press: ? - help, Shift-Dir - straight line, f/p - worm
Aim: a worm (almost dead)
The zap misses the worm.
The worm bites you!
* * * LOW HITPOINT WARNING * * *
You hit the worm but do no damage.
The worm is severely wounded.
You hit the worm.
The worm is almost dead.
The worm bites you!
You die...

...##.......)....##.....##.....#.
#.# #..........####8...8 #.......
#. #..#...##.....# ##8## #.......
. #.##.#.##...#.# #######.....##
. #. #.#.##...#.####..........#
#. ..#.###..................##
...... #........#.........##
≈≈≈.##...#......##.......
..≈....w@.......###.....#
≈≈≈........##...##.......
....##.....#............. ..
#....................
.......................
..........≈≈######......
###.......≈## ##..... #.......§#
#.>... #.......≈# #....#


You could see a worm.

Vanquished Creatures
  A worm (D:2)
  2 dart slugs
  A leopard gecko (D:2)
  2 giant cockroaches (D:1)
  3 goblins
  A hobgoblin (D:2)
  A ball python (D:2)
  2 bats (D:1)
  A frilled lizard (D:2)
  3 kobolds (D:2)
  A rat (D:1)
18 creatures vanquished.

Notes
Turn   | Place    | Note
-------+----------+-------------------------------------------
     0 | D:1      | HammerPanzer the Draconian Air Elementalist began the quest
                  | for the Orb.
     0 | D:1      | Reached XP level 1. HP: 14/14 MP: 3/3
   400 | D:1      | Reached XP level 2. HP: 20/20 MP: 5/5
   595 | D:2      | Noticed a +0 hand axe
   596 | D:2      | Found a hide-covered altar of Uskayaw.
   596 | D:2      | Noticed a +0 dagger
   661 | D:2      | Found a sparkling altar of Nemelex Xobeh.
   942 | D:2      | Noticed an ogre
  1007 | D:2      | Found a shimmering blue altar of Sif Muna.
  1024 | D:2      | Mangled by a worm

Skill      XL: |  1  2 |
---------------+-------+-----
Dodging        | 2 |  2.0
Short Blades   | |  0.4
Stealth        | |  2.2
Spellcasting   | |  2.2
Conjurations   | |  1.3
Air Magic      | |  3.4

Action                   || total
-------------------------++-------
Melee: Short sword       ||    37
       Unarmed           ||     6
       Tailslap          ||     4
 Cast: Shock             ||    33
  Use: Scroll            ||     1
  Eat: Chunk             ||     2
Armor: Skin              ||    12
Dodge: Dodged            ||    19
